 Dungeon Crawl Stone Soup version 0.21-a0-442-g848f44b (webtiles) character file.

58 Moebius the Charmwright (level 4, -2/38 HPs)
             Began as a Gnoll Skald on Nov 15, 2017.
             Killed from afar by an orc wizard (8 damage)
             ... with a magic dart
             ... on level 3 of the Dungeon.
             The game lasted 00:04:40 (1418 turns).

Moebius the Charmwright (Gnoll Skald)               Turns: 1418, Time: 00:04:40

Health: -2/38      AC:  3    Str: 14    XL:     4   Next: 2%
Magic:  3/11       EV: 14    Int: 16    God:
Gold:   45         SH:  0    Dex: 14    Spells: 8/13 levels left

rFire    . . .     SeeInvis .   z - +0 flail
rCold    . . .     Gourm    .   (no shield)
rNeg     . . .     Faith    .   h - +0 robe (curse)
rPois    .         Spirit   .   (no helmet)
rElec    .         Reflect  .   t - +0 cloak
rCorr    .         Harm     .   (no gloves)
MR       .....                  (no boots)
Stlth    ++........             (no amulet)
HPRegen  0.12/turn              (no ring)
MPRegen  0.12/turn              (no ring)

@: shrouded (expiring)
A: distributed training, fangs 1, strong nose
a: no special abilities


You were on level 3 of the Dungeon.
You were hungry.

You visited 1 branch of the dungeon, and saw 3 of its levels.

You collected 45 gold pieces.

Inventory:

Hand Weapons
 a - a +0 mace
 n - a +0 hunting sling
 z - a +0 flail (weapon)
Missiles
 e - 16 poisoned needles
 f - 63 arrows
 g - 30 sling bullets
 x - 20 bolts
Armour
 b - a +0 leather armour
 h - a cursed +0 robe (worn)
 t - a +0 cloak (worn)
Jewellery
 m - an uncursed ring of positive energy
Scrolls
 i - 4 scrolls of teleportation {unknown}
 j - 5 scrolls of identify {unknown}
 p - a scroll of remove curse {unknown}
 q - a scroll of fear {unknown}
 r - a scroll of magic mapping {unknown}
 s - a scroll of blinking {unknown}
 y - a scroll of enchant armour {unknown}
Potions
 k - a potion of heal wounds {unknown}
 l - a potion of haste {unknown}
 o - 3 potions of mutation {unknown}
 u - a potion of curing {unknown}
Books
 c - a book of Battle

   Spells                             Type                      Level
   a - Infusion                       Charms                       1
   b - Shroud of Golubria             Charms/Translocation         2
   c - Song of Slaying                Charms                       2
   d - Spectral Weapon                Hexes/Charms                 3
   e - Regeneration                   Charms/Necromancy            3
Comestibles
 d - a bread ration
 v - 7 chunks of flesh
 w - 2 meat rations


   Skills:
 + Level 4.6 Fighting
 + Level 1.0 Short Blades
 + Level 1.0 Long Blades
 + Level 1.0 Axes
 + Level 4.6 Maces & Flails
 + Level 1.0 Polearms
 + Level 1.0 Staves
 + Level 1.0 Slings
 + Level 1.0 Bows
 + Level 1.0 Crossbows
 + Level 1.0 Throwing
 + Level 2.6 Armour
 + Level 4.6 Dodging
 + Level 1.0 Stealth
 + Level 1.0 Shields
 + Level 1.0 Unarmed Combat
 + Level 5.0 Spellcasting
 + Level 0.7 Conjurations
 + Level 0.7 Hexes
 + Level 5.4 Charms
 + Level 0.7 Summonings
 + Level 0.7 Necromancy
 + Level 0.7 Translocations
 + Level 0.7 Transmutations
 + Level 0.7 Fire Magic
 + Level 0.7 Ice Magic
 + Level 0.7 Air Magic
 + Level 0.7 Earth Magic
 + Level 0.7 Poison Magic
 + Level 1.0 Invocations
 + Level 1.0 Evocations


You had 8 spell levels left.
You knew the following spells:

 Your Spells              Type           Power        Failure   Level  Hunger
a - Infusion              Chrm           ###.         1%          1    None
b - Shroud of Golubria    Chrm/Tloc      ##........   6%          2    #......
c - Song of Slaying       Chrm           ###.....     2%          2    #......


Dungeon Overview and Level Annotations

Branches:
Dungeon (3/15)

Altars:
Ashenzari


Innate Abilities, Weirdness & Mutations

Your experience applies equally to all skills.
You have very sharp teeth.
Your uncanny sense of smell can sniff out nearby items.


Message History

The orc barely misses you. The orc wizard hits you with a dagger.
You barely miss the orc wizard.
The orc wizard is moderately wounded.
The orc barely misses you. The orc wizard misses you.
You closely miss the orc wizard.
The orc wizard is moderately wounded.
Your shroud begins to fray at the edges.
The orc hits you with a club.
* * * LOW HITPOINT WARNING * * *
The orc wizard barely misses you.
You hit the orc wizard.
The orc wizard is severely wounded.
The orc wizard gestures at you while chanting.
You resist with some effort.
Your shroud bends the orc's attack away.
You closely miss the orc wizard.
The orc wizard is severely wounded.
The orc wizard gestures at you while chanting.
The magic dart hits you!
You die...

#............ #.# #.#
#.#.#######.. #.# #.#
#.#.#
#......##.#########.#
..#.#
#...................#
## ..#
#.............#######
#.# #........)....#
#.............#
####...).o.####
#....#@o.#
#....#).......
#.####..#..... #.
#..#..... # #........
#.... ... #.#.. .
#.#... ∆


You could see an orc wizard and an orc.

Vanquished Creatures
  An adder (D:2)
  6 orcs (D:3)
  3 giant cockroaches
  4 goblins (D:1)
  7 hobgoblins
  9 bats
  5 frilled lizards
  2 kobolds
  3 rats
40 creatures vanquished.

Notes
Turn   | Place    | Note
-------+----------+-------------------------------------------
     0 | D:1      | Moebius the Gnoll Skald began the quest for the Orb.
     0 | D:1      | Reached XP level 1. HP: 20/20 MP: 6/6
   164 | D:1      | Reached XP level 2. HP: 26/26 MP: 1/7
   598 | D:1      | Reached XP level 3. HP: 31/31 MP: 9/9
   605 | D:1      | Learned a level 2 spell: Shroud of Golubria
   616 | D:1      | Learned a level 2 spell: Song of Slaying
   818 | D:2      | Reached skill level 5 in Spellcasting
   869 | D:2      | Found a shattered altar of Ashenzari.
  1235 | D:2      | Reached skill level 1 in Invocations
  1398 | D:3      | Reached skill level 1 in Short Blades
  1398 | D:3      | Reached skill level 1 in Long Blades
  1398 | D:3      | Reached skill level 1 in Axes
  1398 | D:3      | Reached skill level 1 in Polearms
  1398 | D:3      | Reached skill level 1 in Staves
  1398 | D:3      | Reached skill level 1 in Slings
  1398 | D:3      | Reached skill level 1 in Bows
  1398 | D:3      | Reached skill level 1 in Crossbows
  1398 | D:3      | Reached skill level 1 in Throwing
  1398 | D:3      | Reached skill level 1 in Stealth
  1398 | D:3      | Reached skill level 1 in Shields
  1398 | D:3      | Reached skill level 1 in Unarmed Combat
  1398 | D:3      | Reached skill level 1 in Evocations
  1412 | D:3      | Reached XP level 4. HP: 18/38 MP: 2/11
  1418 | D:3      | Killed from afar by an orc wizard

Vault maps used:
D:1:      minmay_arrival_wavy_path
D:2:      nicolae_overflow_crystal_walls
D:3:      old_standard_altar, first_bread, uniq_ijyb, uniq_natasha

Skill      XL: |  1  2  3 |
---------------+----------+-----
Spellcasting   | 5 |  5.0
Invocations    | 1 |  1.0
Short Blades   | 1 |  1.0
Long Blades    | 1 |  1.0
Axes           | 1 |  1.0
Polearms       | 1 |  1.0
Staves         | 1 |  1.0
Slings         | 1 |  1.0
Bows           | 1 |  1.0
Crossbows      | 1 |  1.0
Throwing       | 1 |  1.0
Stealth        | 1 |  1.0
Shields        | 1 |  1.0
Unarmed Combat | 1 |  1.0
Evocations     | 1 |  1.0
Fighting       | |  4.6
Maces & Flails | |  4.6
Armour         | |  2.6
Dodging        | |  4.6
Conjurations   | |  0.7
Hexes          | |  0.7
Charms         | |  5.4
Summonings     | |  0.7
Necromancy     | |  0.7
Translocations | |  0.7
Transmutations | |  0.7
Fire Magic     | |  0.7
Ice Magic      | |  0.7
Air Magic      | |  0.7
Earth Magic    | |  0.7
Poison Magic   | |  0.7

Action                   |  1- 3 |  4- 6 || total
-------------------------+-------+-------++-------
Melee: Mace              |    89 |       ||    89
       Bite              |     9 |     1 ||    10
       Punch             |     1 |       ||     1
       Flail             |    13 |     6 ||    19
 Cast: Infusion          |     5 |       ||     5
       Shroud of Golubri |     4 |       ||     4
 Stab: Sleeping          |     1 |       ||     1
  Eat: Chunk             |     1 |       ||     1
Armor: Robe              |    25 |       ||    25
Dodge: Dodged            |   113 |     4 ||   117

Table legend:
 A = Spawn XP
 B = Non-spawn XP
 C = Spawn XP percentage of total XP
 D = Spawn monster count
 E = Non-spawn monster count
 F = Spawn count percentage of total count
 G = Total turns spent on level
                    A         B        C        D         E        F      G
               +---------+---------+-------+---------+---------+-------+---------
         Total |       0 |      84 |   0.0 |       0 |      40 |   0.0 |  1418
               +---------+---------+-------+---------+---------+-------+---------
           D:1 |       0 |      34 |   0.0 |       0 |      22 |   0.0 |   662
           D:2 |       0 |      24 |   0.0 |       0 |       7 |   0.0 |   666
           D:3 |       0 |      26 |   0.0 |       0 |      11 |   0.0 |    90
               +---------+---------+-------+---------+---------+-------+---------
